Map: Dragon Scales LE

Players

Bluuue - Winner!

  • Race: Zerg Zerg
  • League: Diamond
  • Spawn Location: 11:00

HADB

  • Race: Terran Terran
  • League: Diamond
  • Spawn Location: 5:00

VOD

Have the link to the VOD?

Description

Time

  • Played on: Feb. 13, 2023, 10:42 a.m.
  • Length: 15:51
Show
View Real Time Build Order
Export as new Build Order

Bluuue Zerg - Winner!

Build Orders: Pool First 

Get SALT Encoding   

  12  0:02  Drone  
  13  0:12  Overlord  
  13  0:17  Drone  
  14  0:31  Drone x2  
  16  0:37  Drone  
  17  0:47  Spawning Pool  
  17  0:49  Drone  
  17  1:10  Hatchery  
  16  1:13  Drone  
  16  1:17  Extractor  
  16  1:20  Drone  
  17  1:33  Zergling x4  
  19  1:45  Queen  
  19  1:46  Overlord  
  21  2:06  Drone x2  
  23  2:12  Drone  
  24  2:20  Queen  
  26  2:26  Metabolic Boost  
  25  2:42  Drone x4  
  29  3:05  Hatchery  
  29  3:08  Queen  
  29  3:10  Overlord  
  29  3:17  Drone  
  29  3:18  Drone x2  
  29  3:19  Drone x3  
  35  3:29  Zergling x4  
  35  3:32  Drone  
  35  3:33  Drone x2  
  40  3:43  Drone  
  40  3:47  Queen  
  43  3:53  Overlord  
  43  4:07  Lair  
  43  4:10  Drone, Extractor  
  43  4:11  Drone, Roach Warren  
  43  4:12  Drone x4  
  47  4:22  Queen  
  49  4:26  Extractor  
  49  4:30  Spore Crawler  
  47  4:31  Drone x3, Evolution Chamber  
  47  4:32  Drone x5  
  47  4:36  Spore Crawler  
  53  4:41  Drone x2, Overlord  
  55  4:55  Spore Crawler  
  53  5:03  Roach x6  
  65  5:14  Roach  
  63  5:26  Roach  
  65  5:31  Glial Reconstitution  
  65  5:32  Extractor  
  64  5:36  Zerg Missile Weapons Level 1  
  64  5:41  Evolution Chamber  
  63  5:45  Drone  
  63  5:46  Drone x2  
  63  5:47  Overlord x4  
  66  5:59  Overlord x2  
  66  6:07  Drone x6  
  66  6:08  Drone  
  73  6:13  Drone  
  74  6:27  Queen  
  74  6:31  Drone x6  
  74  6:32  Drone x4  
  86  6:34  Extractor  
  86  6:35  Extractor  
  84  6:44  Roach x6  
  96  6:48  Drone  
  96  6:52  Drone  
  98  6:56  Roach  
  98  6:57  Roach x4  
  108  7:02  Roach x3  
  108  7:05  Pneumatized Carapace  
  108  7:06  Overlord  
  114  7:10  Overlord  
  114  7:11  Overlord  
  114  7:21  Hatchery  
  113  7:23  Overseer  
  111  7:42  Ravager  
  111  7:43  Ravager x5  
  117  7:46  Roach x6  
  117  7:47  Roach x4, Hydralisk Den  
  136  8:05  Overseer x2  
  136  8:10  Ravager  
  136  8:11  Zergling x2  
  138  8:13  Overlord x5  
  136  8:32  Hydralisk  
  136  8:33  Hydralisk x6  
  128  8:51  Roach x12  
  152  8:56  Ravager  
  152  8:57  Ravager  
  135  9:24  Roach x15  
  135  9:25  Roach  
  148  9:33  Drone x5  
  122  9:49  Roach x5  
  122  9:50  Roach x5  
  140  9:55  Hydralisk  
  130  10:05  Drone, Muscular Augments  
  130  10:06  Drone x6  
  128  10:15  Ravager x3  
  128  10:17  Drone  
  132  10:27  Ravager  
  133  10:29  Zergling x22  
  133  10:32  Hatchery  
  143  10:36  Extractor  
  143  10:40  Extractor  
  131  10:55  Zerg Missile Weapons Level 2  
  131  10:57  Zerg Ground Armor Level 1  
  102  11:16  Grooved Spines  
  102  11:18  Zergling x24  
  85  11:19  Zergling x8  
  85  11:21  Roach x5  
  85  11:22  Roach x4  
  116  11:29  Drone x3  
  119  11:34  Hydralisk x2  
  123  11:42  Roach x3  
  129  11:49  Roach x7  
  129  11:53  Ravager x4  
  141  12:04  Roach x4  
  141  12:05  Roach x4  
  150  12:11  Roach x2  
  150  12:12  Roach x2  
  155  12:15  Baneling Nest  
  155  12:16  Infestation Pit  
  151  12:28  Roach  
  151  12:29  Roach x10  
  152  12:33  Zergling x2  
  142  12:40  Ravager x2  
  142  12:43  Zergling x14  
  142  12:44  Zergling x4  
  133  13:02  Roach x8  
  133  13:03  Roach x2  
  136  13:12  Roach  
  136  13:13  Roach x6  
  143  13:24  Roach x8  
  150  13:32  Zerg Ground Armor Level 2  
  149  13:36  Ravager x2  
  149  13:37  Ravager  
  149  13:40  Zergling x10  
  157  13:42  Overlord x5  
  157  13:47  Hive  
  157  13:52  Overlord x2  
  157  13:53  Overlord x3  
  120  14:18  Roach  
  120  14:19  Roach x11  
  130  14:34  Hydralisk, Spire  
  130  14:35  Hydralisk x4  
  137  14:47  Hydralisk x4  
  137  14:52  Baneling Nest  
  142  14:59  Roach x13  
  168  15:03  Drone x3  
  171  15:07  Ravager  
  171  15:08  Ravager  
  152  15:34  Extractor  
Show
View Real Time Build Order
Export as new Build Order

HADB Terran 

Build Orders: Reaper Expand 

Get SALT Encoding   

  12  0:00  SCV  
  13  0:12  SCV  
  14  0:19  Supply Depot  
  14  0:24  SCV  
  15  0:40  SCV  
  15  0:41  Barracks  
  16  0:48  Refinery  
  16  0:52  SCV  
  17  1:04  SCV  
  18  1:16  SCV  
  19  1:29  Orbital Command  
  19  1:32  Reaper  
  20  1:42  Command Center  
  20  1:57  SCV  
  21  2:06  Barracks Reactor  
  21  2:09  SCV  
  22  2:15  Supply Depot  
  22  2:21  SCV  
  23  2:37  SCV  
  23  2:42  Marine x2  
  23  2:43  Factory  
  25  2:53  Command Center, SCV  
  25  2:57  Refinery  
  26  3:02  Marine x2  
  28  3:05  SCV  
  29  3:18  SCV  
  31  3:33  Orbital Command, SCV  
  31  3:35  Starport  
  31  3:41  Hellion x2  
  35  3:42  Barracks Tech Lab  
  35  3:45  SCV  
  36  3:52  Engineering Bay  
  36  3:55  Engineering Bay  
  36  4:00  SCV x2  
  38  4:06  Hellion  
  40  4:11  Orbital Command  
  40  4:12  SCV  
  40  4:15  SCV  
  42  4:19  Hellion  
  42  4:23  Banshee  
  47  4:25  Barracks Tech Lab  
  47  4:27  SCV  
  47  4:29  SCV  
  49  4:35  Terran Infantry Weapons Level 1  
  49  4:37  Terran Infantry Armor Level 1  
  49  4:39  SCV x2  
  49  4:43  Widow Mine  
  49  4:44  Stimpack  
  51  5:08  Marine  
  50  5:26  SCV x3, Marine  
  50  5:28  Banshee  
  50  5:29  Widow Mine  
  50  5:30  Widow Mine  
  50  5:34  Barracks x2  
  50  5:35  Barracks  
  57  5:41  SCV x2  
  59  5:43  SCV, Marine  
  61  5:53  Armory  
  61  5:54  Refinery  
  61  5:55  Refinery  
  61  5:56  Supply Depot  
  61  5:57  Orbital Command, Supply Depot  
  61  6:17  SCV x2, Marine  
  64  6:23  SCV  
  65  6:27  Barracks Reactor x2  
  65  6:29  Barracks Reactor, SCV x2  
  67  6:35  SCV, Marine  
  69  6:42  SCV x2  
  69  6:45  Siege Tank  
  69  6:47  SCV, Medivac  
  77  6:59  Supply Depot x3  
  77  7:01  Supply Depot  
  77  7:20  SCV x2, Marine x7, Medivac  
  77  7:21  SCV  
  77  7:22  Terran Infantry Armor Level 2, Terran Infantry Weapons Level 2  
  89  7:23  Command Center  
  89  7:30  Medivac  
  89  7:32  SCV x2  
  89  7:33  SCV  
  94  7:38  Marine x3  
  94  7:40  Marauder, Marine x3  
  94  7:42  Siege Tank  
  105  7:44  SCV x2  
  105  7:45  SCV  
  105  7:49  Barracks  
  105  7:50  Combat Shield  
  105  7:51  Barracks  
  108  7:52  Barracks  
  108  7:56  Marine  
  109  7:59  Supply Depot  
  109  8:00  Supply Depot  
  109  8:01  Supply Depot, Terran Vehicle Weapons Level 1  
  109  8:05  Refinery  
  109  8:06  SCV, Marine  
  109  8:11  Refinery  
  109  8:20  Marine x6  
  109  8:21  SCV x2  
  109  8:22  Supply Depot, SCV, Siege Tank  
  120  8:31  Marauder  
  101  8:38  Marine  
  93  8:44  Marine x5  
  93  8:45  Marine x3  
  95  8:52  Marauder  
  93  8:56  Marine  
  93  9:02  Marine x7  
  97  9:09  Concussive Shells  
  95  9:14  Marauder  
  95  9:15  Marine x2  
  95  9:16  Siege Tank  
  87  9:19  Marine  
  87  9:20  Marine x2  
  83  9:26  Marine x3  
  79  9:32  Marine  
  79  9:33  Marine  
  79  9:35  Marauder, Marine  
  79  9:37  Marine  
  79  9:38  Marine x2  
  79  9:42  Medivac x2  
  79  9:44  Marine x3  
  74  9:46  SCV  
  74  9:49  Siege Tank  
  74  9:50  Marine  
  74  9:51  Marine  
  74  9:53  Marine  
  74  9:55  Orbital Command, Marine  
  74  9:56  Marauder  
  74  9:59  Marine  
  74  10:06  Barracks Reactor  
  74  10:09  Marine x2  
  75  10:18  Marauder  
  77  10:21  Barracks Tech Lab  
  77  10:22  Barracks Tech Lab  
  77  10:27  SCV  
  77  10:28  SCV  
  80  10:31  Terran Infantry Weapons Level 3  
  80  10:35  Refinery  
  79  10:39  Marauder  
  73  11:00  Marauder x2, Marine x7  
  73  11:01  Marauder, Marine  
  73  11:03  Orbital Command  
  68  11:18  Marine x5  
  63  11:22  Marauder x3  
  63  11:23  SCV  
  63  11:25  Marine  
  69  11:28  Marine x2  
  71  11:34  Terran Vehicle Weapons Level 2  
  71  11:38  SCV  
  72  11:43  Marauder x3  
  72  11:44  SCV  
  72  11:45  SCV  
  80  11:47  Orbital Command  
  80  11:50  SCV  
  81  11:56  Terran Infantry Armor Level 3  
  80  12:09  Marauder, Marine x5  
  80  12:11  SCV  
  80  12:12  SCV  
  89  12:15  SCV x2  
  89  12:17  Medivac  
  93  12:23  SCV  
  93  12:27  Marauder, Marine x4  
  77  12:38  Marine x6  
  77  12:39  SCV  
  77  12:41  SCV  
  85  12:45  Marine x3  
  85  12:48  Marine  
  85  12:49  Marauder  
  88  12:55  SCV  
  86  13:03  Marauder, Marine  
  83  13:08  Siege Tank  
  79  13:15  Orbital Command  
  75  13:20  Marine x2  
  75  13:21  Marauder, Marine, Medivac  
  67  13:30  Marine x3  
  67  13:31  Marauder, Marine x3  
  65  13:38  Marine x2  
  67  13:43  Marine x2  
  67  13:47  SCV x2  
  71  13:53  Marine x2  
  71  13:54  Marine  
  71  14:09  Marauder, Marine x7  
  57  14:20  Marine  
  57  14:23  Marine  
  50  14:28  Marauder  
  50  14:42  Orbital Command  
  49  14:50  Marine x5  
  49  14:51  Marine  
  55  14:54  SCV  
  55  14:55  SCV  
  55  14:59  Marine  
  57  15:00  Marine  
  57  15:04  Orbital Command  
  59  15:10  SCV  
  59  15:11  SCV  
Tags
 
Add a new tag
Caveats
  • Supply blocks, unpowered buildings, or Contaminate may cause inaccurate times.
  • Supply counts are checked every 10 seconds.